 Dungeon Crawl Stone Soup version 0.31-a0-180-g519b7de00c (webtiles) character file.

Game seed: 9713184396539051890

41742 qw the Cleaver (level 14, -2/90 HPs)
             Began as a Gargoyle Fighter on June 20, 2023.
             Was an Elder of Okawaru.
             Slain by a skyshark (6 damage)
             ... on level 5 of the Lair of Beasts.
             The game lasted 00:09:17 (12317 turns).

qw the Cleaver (Gargoyle Fighter)                  Turns: 12317, Time: 00:09:18

Health: -2/90      AC: 34    Str: 25    XL:     14   Next: 16%
Magic:  21/21      EV: 14    Int:  9    God:    Okawaru [****..]
Gold:   779        SH: 12    Dex:  9    Spells: 13/13 levels left

rFire   + . .        Y - +0 broad axe
rCold   . . .        l - +0 kite shield
rNeg    + . .        o - +0 plate armour
rPois   inf          i - +1 helmet
rElec   +            (no cloak)
rCorr   .            v - +1 pair of gloves
SInv    .            u - +0 pair of boots
Will    +....        m - amulet of regeneration Stlth
                     j - +5 ring of evasion
HPRegen 1.15/turn    g - ring of protection from fire
MPRegen 0.17/turn

%: no passive effects
@: heroic, flying
A: sickness immunity, AC +10, big wings, negative energy resistance 1,
electricity resistance, torment resistance 1, petrification resistance
a: Renounce Religion, Heroism, Finesse


You were on level 5 of the Lair of Beasts.
You worshipped Okawaru.
Okawaru was greatly pleased with you.
You visited 3 branches of the dungeon, and saw 14 of its levels.

You collected 792 gold pieces.
You spent 13 gold pieces at shops.


Innate Abilities, Weirdness & Mutations

You are immune to sickness and miasma.
Your stone body is resilient. (AC +10)
You are immune to poison.
Your large and strong wings let you fly.
You resist negative energy. (rN+)
You are resistant to electric shocks. (rElec)
You are resistant to unholy torment.
You are immune to petrification.


   Skills:
 - Level 11.0(16.0) Fighting
 - Level 14.0(19.0) Axes
 - Level 3.7(8.7) Throwing
 - Level 10.0(15.0) Armour
 - Level 2.2(7.2) Dodging
 + Level 11.1(16.1) Shields
 - Level 10.0 Invocations


You had 13 spell levels left.
You didn't know any spells.
Your spell library was empty.

Inventory:

Hand Weapons
 s - a +1 hand axe of flaming
 Y - a +0 broad axe (weapon)
Armour
 i - a +1 helmet (worn)
 l - a +0 kite shield (worn)
 o - a +0 plate armour (worn)
 u - a +0 pair of boots (worn)
 v - a +1 pair of gloves (worn)
Jewellery
 g - a ring of protection from fire (right hand)
 j - a +5 ring of evasion (left hand)
 k - a ring of resist corrosion
 m - an amulet of regeneration (around neck)
 p - a +4 ring of protection
 w - a ring of protection from fire
 x - a ring of protection from cold
 B - a ring of ice
Scrolls
 h - 4 scrolls of identify
Potions
 a - a potion of mutation
 b - 2 potions of lignification
 d - 3 potions of might
 e - a potion of resistance
 f - 2 potions of cancellation
 q - 2 potions of enlightenment
 r - a potion of attraction
 t - a potion of haste

Dungeon Overview and Level Annotations

Branches:
Dungeon (8/15)             Temple (1/1) D:7            Lair (5/5) D:8
 Shoals (0/4) Lair:2        Snake (0/4) Lair:2
  Slime: Lair:4-5

Altars:
Cheibriados
Dithmenos
Gozag
Hepliaklqana
Kikubaaqudgha
Makhleb
Nemelex Xobeh
Okawaru
Qazlal
Ru
Sif Muna
Trog
Uskayaw
Vehumet
Wu Jian
Xom
Zin

Shops:
D:1 (=[(*

Annotations:
D:5 1 runed translucent door, Crazy Yiuf


Message History

The skyshark tail-slaps you but does no damage.
The skyshark barely misses you.
You slash the bullfrog!
You kill the bullfrog!
Okawaru accepts your kill.
You hit the skyshark but do no damage. You slash the death yak!
You hit the blink frog. You slash the blink frog!
You block the blink frog's attack.
The blink frog hits you but does no damage.
The death yak gores you.
The skyshark bites you but does no damage.
You block the skyshark's attack. x2
You slash the blink frog!
You kill the blink frog!
Okawaru accepts your kill.
You hit the death yak but do no damage. You hit the skyshark.
You slash the death yak! You slash the blink frog!
You block the blink frog's attack.
You hit the death yak but do no damage.
The death yak is almost dead.
You closely miss the blink frog. You hit the death yak but do no damage.
You barely miss the water moccasin. You completely miss the skyshark.
The water moccasin barely misses you. You block the blink frog's attack.
The death yak gores you.
The death yak gores you but does no damage.
The skyshark bites you. The skyshark barely misses you.
The skyshark tail-slaps you but does no damage.
You hit the death yak.
The death yak is almost dead.
You slice the blink frog!!
You kill the blink frog!
Okawaru accepts your kill.
You slash the death yak! You slash the water moccasin!
You barely miss the skyshark. You block the water moccasin's attack.
The blink frog blinks!
You block the death yak's attack. The death yak gores you.
You block the skyshark's attack.
The skyshark tail-slaps you but does no damage.
The skyshark tail-slaps you.
You die...

.........##
..........#.............
............ ...........
......#P.... ..........^
.....#...... ..........
....#.##.....##.........
#....## ........P......
#.... ......S........
....# ....¤Yl@%.F....
.P.. ......Y.Y......
.....YY........
...............
...Y....P.....#
...F....#......
..............#
...............#........
..#.......


You could see 6 death yaks, a skyshark, a cane toad, a blink frog and a water
moccasin.

Vanquished Creatures
  5 hydras (Lair:2)
  A boulder beetle (Lair:2)
  A catoblepas (Lair:5)
  A skyshark (Lair:2)
  2 goliath frogs (Lair:5)
  Pikel (D:5)
  16 elephants
  Joseph (D:8)
  A torpor snail (Lair:2)
  8 black mambas (Lair:2)
  Maggie (Lair:1)
  4 rime drakes
  14 komodo dragons
  20 cane toads
  2 tyrant leeches (Lair:5)
  Grinder (D:5)
  A hornet (Lair:2)
  7 polar bears
  Sigmund (D:2)
  7 blink frogs
  8 basilisks
  5 wyverns
  12 yaks
  3 steam dragons
  2 vampire mosquitoes (Lair:5)
  Grum (D:8)
  3 nagas (Lair:2)
  22 water moccasins
  4 orc warriors
  An ice beast (D:6)
  6 black bears
  13 wolves
  3 ogres
  2 centaurs (D:8)
  A lemure (D:5)
  2 phantoms
  A kobold brigand (D:8)
  19 bullfrogs
  4 scorpions
  6 wights
  5 killer bees (D:8)
  4 crimson imps (D:7)
  An orc priest (D:5)
  4 hounds
  A jelly (D:5)
  A sleepcap (D:6)
  Terence (D:2)
  15 orc wizards
  Natasha (thrice) (D:2)
  3 iguanas
  7 hell rats
  6 gnolls
  7 adders
  2 white imps
  An ufetubus (D:6)
  2 worms
  2 dart slugs
  42 orcs
  10 endoplasms
  4 giant cockroaches
  11 goblins
  10 hobgoblins
  7 jackals
  7 quokkas
  9 ball pythons
  4 bats
  A frilled lizard (D:1)
  11 kobolds
  9 rats
403 creatures vanquished.

Notes
Turn   | Place    | Note
-------+----------+-------------------------------------------
     0 | D:1      | qw the Gargoyle Fighter began the quest for the Orb.
     0 | D:1      | Reached XP level 1. HP: 14/14 MP: 1/1
     0 | D:1      | 0 ||| qw: Version: 0.3-a-9-g12657ce
     0 | D:1      | 0 ||| qw: Game counter: 1185
     0 | D:1      | 0 ||| qw: Always use a shield: true
     0 | D:1      | 0 ||| qw: God list: Okawaru
     0 | D:1      | 0 ||| qw: Allow faded altars: false
     0 | D:1      | 0 ||| qw: Do Orc after D:15 true
     0 | D:1      | 0 ||| qw: Do second Lair branch before Depths: true
     0 | D:1      | 0 ||| qw: Lair rune preference: random
     0 | D:1      | 0 ||| qw: Plans: Normal, Zot:1-4, Slime:5, God:TSO, Crypt,
                  | Tomb, Abyss, Pan, Hells, Win
     0 | D:1      | 0 ||| PLANNING D:1-11
    50 | D:1      | Reached skill level 2 in Axes
    93 | D:1      | 93 ||| Stepping ~*~*~tactically~*~*~ (stealth).
   113 | D:1      | Found Sudouf's Assorted Antiques.
   122 | D:1      | Reached XP level 2. HP: 19/19 MP: 2/2
   124 | D:1      | 124 ||| SHOPLISTING inky potion (16 gold, have 0).
   124 | D:1      | 124 ||| SHOPLISTING potion of might (72 gold, have 0).
   124 | D:1      | 124 ||| SHOPLISTING scroll labelled KOURO ULIEGISK (18
                  | gold, have 0).
   124 | D:1      | 124 ||| SHOPLISTING scroll labelled MAWAFUH ZISONUZEN (18
                  | gold, have 0).
   124 | D:1      | 124 ||| SHOPLISTING scroll labelled PAELAY UPPYMN (18 gold,
                  | have 0).
   193 | D:1      | Found Yppir's Antique Weapon Boutique.
   214 | D:1      | 214 ||| SHOPLISTING club (22 gold, have 21).
   214 | D:1      | 214 ||| SHOPLISTING whip (55 gold, have 21).
   330 | D:1      | 330 ||| Stepping ~*~*~tactically~*~*~ (stealth).
   393 | D:1      | Reached skill level 3 in Axes
   432 | D:1      | Found Doecs's Jewellery Boutique.
   434 | D:1      | 434 ||| SHOPLISTING +5 ring of evasion (360 gold, have 33).
   434 | D:1      | 434 ||| SHOPLISTING amulet of reflection (300 gold, have
                  | 33).
   434 | D:1      | 434 ||| SHOPLISTING amulet of regeneration (300 gold, have
                  | 33).
   434 | D:1      | 434 ||| SHOPLISTING ring of ice (250 gold, have 33).
   434 | D:1      | 434 ||| SHOPLISTING ring of protection from cold (250 gold,
                  | have 33).
   434 | D:1      | 434 ||| SHOPLISTING ring of resist corrosion (200 gold,
                  | have 33).
   445 | D:1      | 445 ||| Stepping ~*~*~tactically~*~*~ (stealth).
   450 | D:1      | Reached XP level 3. HP: 23/23 MP: 3/3
   482 | D:1      | Found Ewelad's Armour Boutique.
   510 | D:1      | 510 ||| SHOPLISTING +0 chain mail (58 gold, have 38).
   510 | D:1      | 510 ||| SHOPLISTING +0 helmet (58 gold, have 38).
   510 | D:1      | 510 ||| SHOPLISTING +0 helmet of see invisible (149 gold,
                  | have 38).
   510 | D:1      | 510 ||| SHOPLISTING +0 pair of boots (58 gold, have 38).
   510 | D:1      | 510 ||| SHOPLISTING +0 pair of gloves (58 gold, have 38).
   510 | D:1      | 510 ||| SHOPLISTING +0 plate armour of Calculation {rElec
                  | rCorr Slay+3} (717 gold, have 38).
   510 | D:1      | 510 ||| SHOPLISTING +1 plate armour of cold resistance (455
                  | gold, have 38).
   562 | D:1      | Found Docanoygio's Weapon Emporium.
   584 | D:1      | 584 ||| BUYING +0 club (13 gold).
   584 | D:1      | Bought a +0 club for 13 gold pieces
   592 | D:1      | 592 ||| Stepping ~*~*~tactically~*~*~ (hiding).
   593 | D:1      | 593 ||| Stepping ~*~*~tactically~*~*~ (hiding).
   882 | D:1      | 882 ||| UPGRADING to ring of resist corrosion.
   883 | D:1      | 883 ||| READING 2 scrolls labelled WISAFEP WEGIUQ.
   884 | D:1      | 884 ||| READING scroll of enchant weapon.
   884 | D:1      | 884 ||| ENCHANTING +1 war axe.
   885 | D:1      | 885 ||| READING scroll labelled DESHOY NIXZOEST.
   990 | D:2      | Noticed Sigmund
   990 | D:2      | Noticed Natasha
   991 | D:2      | 991 ||| Stepping ~*~*~tactically~*~*~ (hiding).
   996 | D:2      | Killed Sigmund
   997 | D:2      | Reached skill level 5 in Axes
   997 | D:2      | Reached XP level 4. HP: 19/28 MP: 4/4
   997 | D:2      | Reached XP level 5. HP: 22/32 MP: 5/5
   999 | D:2      | HP: 7/32 [Natasha (11)]
  1000 | D:2      | Killed Natasha
  1001 | D:2      | Reached XP level 6. HP: 8/38 MP: 6/6
  1084 | D:2      | Noticed Natasha
  1085 | D:2      | 1085 ||| Stepping ~*~*~tactically~*~*~ (stealth).
  1151 | D:2      | 1151 ||| Stepping ~*~*~tactically~*~*~ (stealth).
  1155 | D:2      | Killed Natasha
  1450 | D:2      | Noticed Terence
  1457 | D:2      | Killed Terence
  1554 | D:2      | 1554 ||| DROPPING +0 club.
  1670 | D:2      | Reached skill level 1 in Dodging
  1722 | D:2      | Noticed Natasha
  1727 | D:2      | Killed Natasha
  1984 | D:2      | 1984 ||| UPGRADING to amulet of regeneration.
  1989 | D:2      | 1989 ||| UPGRADING to ring of protection from fire.
  1990 | D:2      | 1990 ||| UPGRADING to +5 ring of evasion.
  1992 | D:2      | 1992 ||| READING scroll labelled JEDUSM ZOSY.
  1993 | D:2      | 1993 ||| READING 2 scrolls of identify.
  1993 | D:2      | 1993 ||| IDENTIFYING bubbling puce potion
  2251 | D:3      | 2251 ||| Stepping ~*~*~tactically~*~*~ (stealth).
  2644 | D:3      | 2644 ||| DROPPING +0 flail.
  2781 | D:3      | Reached skill level 6 in Axes
  2897 | D:3      | Reached XP level 7. HP: 43/43 MP: 7/7
  3020 | D:3      | 3020 ||| UPGRADING to +0 kite shield.
  3030 | D:3      | 3030 ||| DROPPING +0 buckler.
  3031 | D:3      | 3031 ||| READING 2 scrolls labelled KOURO ULIEGISK.
  3036 | D:3      | 3036 ||| READING scroll labelled DAR KOSUSIRA.
  3037 | D:3      | 3037 ||| READING scroll labelled WUOTWO HISOXI.
  3038 | D:3      | 3038 ||| DRINKING 2 fizzy puce potions.
  3205 | D:4      | 3205 ||| Stepping ~*~*~tactically~*~*~ (stealth).
  3518 | D:4      | 3518 ||| Stepping ~*~*~tactically~*~*~ (stealth).
  3639 | D:4      | 3639 ||| UPGRADING to +0 pair of gloves.
  3644 | D:4      | 3644 ||| UPGRADING to +0 helmet.
  3649 | D:4      | 3649 ||| DROPPING ring of magical power.
  3650 | D:4      | 3650 ||| READING scroll labelled PAELAY UPPYMN.
  3651 | D:4      | 3651 ||| DRINKING 2 clear potions.
  3652 | D:4      | 3652 ||| READING 2 scrolls of identify.
  3652 | D:4      | 3652 ||| IDENTIFYING fizzy coppery potion
  3653 | D:4      | 3653 ||| DROPPING potion of invisibility.
  3700 | D:5      | Entered Level 5 of the Dungeon
  3761 | D:5      | 3761 ||| Stepping ~*~*~tactically~*~*~ (stealth).
  3786 | D:5      | Reached skill level 6 in Shields
  3878 | D:5      | Reached XP level 8. HP: 44/48 MP: 8/8
  4190 | D:5      | Found a hazy altar of Hepliaklqana.
  4224 | D:5      | 4224 ||| Stepping ~*~*~tactically~*~*~ (stealth).
  4224 | D:5      | Noticed Pikel
  4252 | D:5      | HP: 6/48 [Pikel/+2 whip of electrocution (10)]
  4253 | D:5      | 4253 ||| READING 2 scrolls of teleportation.
  4335 | D:5      | Found a runed translucent door.
  4336 | D:5      | Noticed Crazy Yiuf
  4403 | D:5      | Noticed Grinder
  4404 | D:5      | 4404 ||| Stepping ~*~*~tactically~*~*~ (hiding).
  4422 | D:5      | Killed Grinder
  4423 | D:5      | Reached skill level 7 in Axes
  4442 | D:5      | HP: 5/48 [orc warrior/+0 glaive (19)]
  4443 | D:5      | 4443 ||| READING scroll of teleportation.
  4496 | D:5      | 4496 ||| Stepping ~*~*~tactically~*~*~ (stealth).
  4521 | D:5      | Killed Pikel
  4522 | D:5      | Reached skill level 6 in Fighting
  4568 | D:5      | Reached XP level 9. HP: 33/56 MP: 9/9
  4715 | D:5      | 4715 ||| UPGRADING to +0 plate armour.
  4725 | D:5      | 4725 ||| DROPPING +0 scale mail.
  4726 | D:5      | 4726 ||| DRINKING 2 purple potions.
  4727 | D:5      | 4727 ||| READING 2 scrolls of identify.
  4727 | D:5      | 4727 ||| IDENTIFYING black potion
  4728 | D:5      | 4728 ||| DROPPING potion of degeneration.
  4850 | D:6      | Reached skill level 1 in Throwing
  4860 | D:6      | 4860 ||| Stepping ~*~*~tactically~*~*~ (stealth).
  4886 | D:6      | Found a shimmering blue altar of Sif Muna.
  5022 | D:6      | Reached skill level 8 in Axes
  5121 | D:6      | 5121 ||| READING scroll of enchant weapon.
  5121 | D:6      | 5121 ||| ENCHANTING +2 war axe.
  5164 | D:6      | 5164 ||| DRINKING potion of curing.
  5164 | D:6      | 5164 ||| (to cure confusion)
  5228 | D:6      | 5228 ||| Stepping ~*~*~tactically~*~*~ (hiding).
  5436 | D:6      | 5436 ||| UPGRADING to +0 pair of boots.
  5441 | D:6      | 5441 ||| READING scroll labelled ICUMIW LIHUR.
  5442 | D:6      | 5442 ||| READING 2 scrolls labelled MAWAFUH ZISONUZEN.
  5443 | D:6      | 5443 ||| DROPPING scroll of amnesia.
  5480 | D:7      | 5480 ||| Stepping ~*~*~tactically~*~*~ (hiding).
  5481 | D:7      | 5481 ||| Stepping ~*~*~tactically~*~*~ (hiding).
  5482 | D:7      | 5482 ||| Stepping ~*~*~tactically~*~*~ (hiding).
  5578 | D:7      | 5578 ||| Stepping ~*~*~tactically~*~*~ (hiding).
  5583 | D:7      | 5583 ||| Stepping ~*~*~tactically~*~*~ (hiding).
  5588 | D:7      | 5588 ||| Stepping ~*~*~tactically~*~*~ (hiding).
  5682 | D:7      | 5682 ||| Stepping ~*~*~tactically~*~*~ (stealth).
  5821 | D:7      | Found a sacrificial altar of Ru.
  6026 | D:7      | Reached skill level 9 in Axes
  6026 | D:7      | Reached XP level 10. HP: 61/61 MP: 10/10
  6043 | D:7      | Found a staircase to the Ecumenical Temple.
  6044 | D:7      | 6044 ||| PLANNING TEMPLE
  6044 | D:7      | 6044 ||| UPGRADING to +1 helmet.
  6054 | D:7      | 6054 ||| DROPPING +0 helmet.
  6055 | D:7      | 6055 ||| READING 2 scrolls of identify.
  6055 | D:7      | 6055 ||| IDENTIFYING inky potion
  6064 | Temple   | Entered the Ecumenical Temple
  6180 | Temple   | 6180 ||| PLANNING OKAWARU WORSHIP
  6264 | Temple   | Became a worshipper of Warmaster Okawaru
  6265 | Temple   | 6265 ||| PLANNING D:1-11
  6309 | D:7      | Found a shimmering altar of Xom.
  6311 | D:7      | 6311 ||| Stepping ~*~*~tactically~*~*~ (stealth).
  6421 | D:7      | 6421 ||| READING scroll labelled KOOROR FOPHAZA.
  6522 | D:7      | 6522 ||| READING scroll labelled YKKACK YSETUTT.
  6557 | D:8      | 6557 ||| STAIRDANCE
  6564 | D:7      | Reached skill level 6 in Armour
  6570 | D:8      | 6570 ||| STAIRDANCE
  6613 | D:8      | 6613 ||| Stepping ~*~*~tactically~*~*~ (stealth).
  6665 | D:8      | Reached skill level 9 in Shields
  6666 | D:8      | Reached * piety under Okawaru
  6780 | D:8      | Noticed Grum
  6781 | D:8      | 6781 ||| Stepping ~*~*~tactically~*~*~ (stealth).
  6805 | D:8      | Reached skill level 1 in Invocations
  6821 | D:8      | 6821 ||| Stepping ~*~*~tactically~*~*~ (stealth).
  6824 | D:8      | 6824 ||| Stepping ~*~*~tactically~*~*~ (stealth).
  6834 | D:8      | 6834 ||| INVOKING Heroism.
  6845 | D:8      | Killed Grum
  6876 | D:8      | 6876 ||| INVOKING Heroism.
  6897 | D:8      | 6897 ||| INVOKING Heroism.
  6999 | D:8      | 6999 ||| Stepping ~*~*~tactically~*~*~ (hiding).
  7025 | D:8      | 7025 ||| Stepping ~*~*~tactically~*~*~ (stealth).
  7027 | D:8      | 7027 ||| Stepping ~*~*~tactically~*~*~ (hiding).
  7028 | D:8      | 7028 ||| Stepping ~*~*~tactically~*~*~ (hiding).
  7041 | D:8      | 7041 ||| Stepping ~*~*~tactically~*~*~ (stealth).
  7073 | D:8      | Reached skill level 3 in Invocations
  7141 | D:8      | 7141 ||| Stepping ~*~*~tactically~*~*~ (stealth).
  7224 | D:8      | Noticed Joseph
  7225 | D:8      | 7225 ||| Stepping ~*~*~tactically~*~*~ (hiding).
  7238 | D:8      | Killed Joseph
  7239 | D:8      | Reached skill level 10 in Axes
  7278 | D:8      | Found a staircase to the Lair.
  7279 | D:8      | 7279 ||| INVOKING Heroism.
  7348 | D:8      | 7348 ||| Stepping ~*~*~tactically~*~*~ (hiding).
  7349 | D:8      | 7349 ||| SWAPPING to +0 broad axe.
  7367 | D:8      | 7367 ||| DROPPING +3 war axe.
  7551 | D:8      | 7551 ||| PLANNING LAIR
  7551 | D:8      | 7551 ||| DROPPING +2 hat.
  7552 | D:8      | 7552 ||| DRINKING 3 brown potions.
  7559 | D:8      | 7559 ||| DROPPING 2 potions of ambrosia.
  7573 | Lair:1   | Entered Level 1 of the Lair of Beasts
  7605 | Lair:1   | 7605 ||| INVOKING Heroism.
  7620 | Lair:1   | Reached XP level 11. HP: 29/67 MP: 12/14
  7660 | Lair:1   | 7660 ||| Stepping ~*~*~tactically~*~*~ (stealth).
  7680 | Lair:1   | 7680 ||| INVOKING Heroism.
  7859 | Lair:1   | 7859 ||| INVOKING Heroism.
  8031 | Lair:1   | Reached ** piety under Okawaru
  8063 | Lair:1   | 8063 ||| INVOKING Heroism.
  8170 | Lair:1   | 8170 ||| INVOKING Heroism.
  8177 | Lair:1   | 8177 ||| Stepping ~*~*~tactically~*~*~ (stealth).
  8340 | Lair:1   | 8340 ||| READING scroll labelled FAXI BAICAWKURPH.
  8341 | Lair:1   | 8341 ||| READING scroll labelled TUIPRU LEGET.
  8342 | Lair:1   | 8342 ||| READING 4 scrolls of identify.
  8342 | Lair:1   | 8342 ||| IDENTIFYING bubbling black potion
  8343 | Lair:1   | 8343 ||| READING 3 scrolls of identify.
  8343 | Lair:1   | 8343 ||| IDENTIFYING fuming white potion
  8344 | Lair:1   | 8344 ||| READING 2 scrolls of identify.
  8344 | Lair:1   | 8344 ||| IDENTIFYING white potion
  8345 | Lair:1   | 8345 ||| DROPPING potion of brilliance.
  8346 | Lair:1   | 8346 ||| DROPPING potion of berserk rage.
  8368 | Lair:2   | 8368 ||| INVOKING Heroism.
  8395 | Lair:2   | Reached skill level 11 in Axes
  8407 | Lair:2   | 8407 ||| STAIRDANCE
  8437 | Lair:2   | 8437 ||| STAIRDANCE
  8471 | Lair:2   | Noticed an eight-headed hydra
  8472 | Lair:2   | 8472 ||| Stepping ~*~*~tactically~*~*~ (stealth).
  8473 | Lair:2   | 8473 ||| INVOKING Heroism.
  8475 | Lair:2   | 8475 ||| SWAPPING to +1 hand axe of flaming.
  8487 | Lair:2   | Killed a three-headed hydra
  8488 | Lair:2   | 8488 ||| SWAPPING to +0 broad axe.
  8495 | Lair:2   | HP: 17/69 [elephant (8)]
  8496 | Lair:2   | 8496 ||| READING 4 scrolls of teleportation.
  8498 | Lair:2   | 8498 ||| DRINKING potion of heal wounds.
  8534 | Lair:2   | Found a staircase to the Shoals.
  8552 | Lair:2   | 8552 ||| INVOKING Heroism.
  8593 | Lair:2   | 8593 ||| Stepping ~*~*~tactically~*~*~ (stealth).
  8595 | Lair:2   | 8595 ||| Stepping ~*~*~tactically~*~*~ (stealth).
  8598 | Lair:2   | 8598 ||| Stepping ~*~*~tactically~*~*~ (stealth).
  8600 | Lair:2   | 8600 ||| INVOKING Heroism.
  8607 | Lair:2   | Reached skill level 9 in Fighting
  8631 | Lair:2   | 8631 ||| INVOKING Heroism.
  8730 | Lair:2   | 8730 ||| INVOKING Heroism.
  9004 | Lair:2   | Noticed Maggie
  9004 | Lair:2   | Found a staircase to the Snake Pit.
  9008 | Lair:2   | 9008 ||| STAIRDANCE
  9012 | Lair:1   | 9012 ||| INVOKING Heroism.
  9038 | Lair:2   | 9038 ||| STAIRDANCE
  9040 | Lair:1   | 9040 ||| INVOKING Heroism.
  9049 | Lair:1   | Killed Maggie
  9073 | Lair:2   | 9073 ||| INVOKING Heroism.
  9257 | Lair:2   | 9257 ||| INVOKING Heroism.
  9270 | Lair:2   | Reached XP level 12. HP: 76/76 MP: 13/15
  9347 | Lair:2   | 9347 ||| Stepping ~*~*~tactically~*~*~ (stealth).
  9348 | Lair:2   | 9348 ||| Stepping ~*~*~tactically~*~*~ (stealth).
  9387 | Lair:2   | 9387 ||| INVOKING Heroism.
  9398 | Lair:2   | Reached skill level 12 in Axes
  9400 | Lair:2   | 9400 ||| Stepping ~*~*~tactically~*~*~ (stealth).
  9406 | Lair:2   | 9406 ||| INVOKING Heroism.
  9434 | Lair:2   | Noticed an eight-headed hydra
  9435 | Lair:2   | 9435 ||| INVOKING Heroism.
  9439 | Lair:2   | 9439 ||| SWAPPING to +1 hand axe of flaming.
  9446 | Lair:2   | Killed a one-headed hydra
  9447 | Lair:2   | 9447 ||| SWAPPING to +0 broad axe.
  9453 | Lair:2   | Reached skill level 9 in Armour
  9461 | Lair:2   | Noticed a five-headed hydra
  9463 | Lair:2   | 9463 ||| INVOKING Heroism.
  9464 | Lair:2   | 9464 ||| SWAPPING to +1 hand axe of flaming.
  9466 | Lair:2   | Noticed a seven-headed hydra
  9474 | Lair:2   | Killed a one-headed hydra
  9475 | Lair:2   | 9475 ||| SWAPPING to +0 broad axe.
  9476 | Lair:2   | 9476 ||| SWAPPING to +1 hand axe of flaming.
  9488 | Lair:2   | 9488 ||| INVOKING Heroism.
  9493 | Lair:2   | Killed a one-headed hydra
  9493 | Lair:2   | Reached *** piety under Okawaru
  9494 | Lair:2   | 9494 ||| SWAPPING to +0 broad axe.
  9526 | Lair:2   | Received a gift from Okawaru
  9574 | Lair:2   | 9574 ||| Stepping ~*~*~tactically~*~*~ (stealth).
  9595 | Lair:2   | 9595 ||| INVOKING Heroism.
  9616 | Lair:2   | 9616 ||| Stepping ~*~*~tactically~*~*~ (stealth).
  9633 | Lair:2   | Reached **** piety under Okawaru
  9687 | Lair:2   | 9687 ||| INVOKING Heroism.
  9712 | Lair:2   | 9712 ||| INVOKING Heroism.
  9733 | Lair:2   | 9733 ||| Stepping ~*~*~tactically~*~*~ (stealth).
  9743 | Lair:2   | 9743 ||| INVOKING Heroism.
  9772 | Lair:2   | 9772 ||| INVOKING Heroism.
  9774 | Lair:2   | Noticed an eight-headed hydra
  9781 | Lair:2   | Noticed a boulder beetle
  9782 | Lair:2   | Reached XP level 13. HP: 55/82 MP: 14/17
  9784 | Lair:2   | Reached skill level 13 in Axes
  9786 | Lair:2   | 9786 ||| SWAPPING to +1 hand axe of flaming.
  9797 | Lair:2   | 9797 ||| INVOKING Heroism.
  9802 | Lair:2   | Reached skill level 6 in Invocations
  9802 | Lair:2   | 9802 ||| SWAPPING to +0 broad axe.
  9844 | Lair:2   | 9844 ||| INVOKING Heroism.
  9888 | Lair:2   | 9888 ||| INVOKING Heroism.
  9929 | Lair:2   | 9929 ||| INVOKING Heroism.
 10017 | Lair:2   | 10017 ||| INVOKING Heroism.
 10049 | Lair:2   | Received a gift from Okawaru
 10064 | Lair:2   | 10064 ||| FLEEEEING.
 10065 | Lair:2   | 10065 ||| FLEEEEING.
 10066 | Lair:2   | 10066 ||| FLEEEEING.
 10067 | Lair:2   | 10067 ||| FLEEEEING.
 10068 | Lair:2   | 10068 ||| FLEEEEING.
 10069 | Lair:2   | 10069 ||| FLEEEEING.
 10071 | Lair:2   | 10071 ||| INVOKING Heroism.
 10097 | Lair:2   | 10097 ||| Stepping ~*~*~tactically~*~*~ (stealth).
 10098 | Lair:2   | 10098 ||| Stepping ~*~*~tactically~*~*~ (stealth).
 10121 | Lair:2   | 10121 ||| INVOKING Heroism.
 10140 | Lair:2   | Reached skill level 3 in Throwing
 10552 | Lair:3   | 10552 ||| Stepping ~*~*~tactically~*~*~ (hiding).
 10555 | Lair:3   | 10555 ||| Stepping ~*~*~tactically~*~*~ (hiding).
 10662 | Lair:3   | 10662 ||| Stepping ~*~*~tactically~*~*~ (hiding).
 10663 | Lair:3   | 10663 ||| Stepping ~*~*~tactically~*~*~ (hiding).
 10664 | Lair:3   | 10664 ||| Stepping ~*~*~tactically~*~*~ (hiding).
 10665 | Lair:3   | 10665 ||| Stepping ~*~*~tactically~*~*~ (hiding).
 10666 | Lair:3   | 10666 ||| Stepping ~*~*~tactically~*~*~ (hiding).
 10667 | Lair:3   | 10667 ||| Stepping ~*~*~tactically~*~*~ (hiding).
 10668 | Lair:3   | 10668 ||| Stepping ~*~*~tactically~*~*~ (hiding).
 10669 | Lair:3   | 10669 ||| Stepping ~*~*~tactically~*~*~ (hiding).
 10720 | Lair:3   | 10720 ||| INVOKING Heroism.
 10782 | Lair:3   | 10782 ||| READING scroll of enchant armour.
 10782 | Lair:3   | 10782 ||| ENCHANTING +0 pair of gloves.
 11088 | Lair:3   | 11088 ||| READING scroll labelled TAALIDI ZIHUTS.
 11089 | Lair:3   | 11089 ||| READING scroll labelled JIAQI TEUMUTIU.
 11090 | Lair:3   | 11090 ||| READING 2 scrolls of identify.
 11090 | Lair:3   | 11090 ||| IDENTIFYING silvery potion
 11128 | Lair:4   | 11128 ||| INVOKING Heroism.
 11183 | Lair:4   | 11183 ||| INVOKING Heroism.
 11207 | Lair:4   | Reached skill level 9 in Invocations
 11250 | Lair:4   | 11250 ||| INVOKING Heroism.
 11430 | Lair:4   | 11430 ||| INVOKING Heroism.
 11462 | Lair:4   | 11462 ||| Stepping ~*~*~tactically~*~*~ (hiding).
 11988 | Lair:5   | Entered Level 5 of the Lair of Beasts
 11989 | Lair:5   | 11989 ||| INVOKING Heroism.
 12114 | Lair:5   | 12114 ||| INVOKING Heroism.
 12157 | Lair:5   | 12157 ||| INVOKING Heroism.
 12163 | Lair:5   | HP: 16/82 [acid (8)]
 12164 | Lair:5   | 12164 ||| READING 6 scrolls of teleportation.
 12169 | Lair:5   | 12169 ||| READING 5 scrolls of teleportation.
 12175 | Lair:5   | 12175 ||| DRINKING 3 potions of cancellation.
 12178 | Lair:5   | HP: 16/82 [cane toad (13)]
 12179 | Lair:5   | 12179 ||| READING 4 scrolls of teleportation.
 12183 | Lair:5   | Gained mutation: Your large and strong wings let you fly.
                  | [Gargoyle growth]
 12183 | Lair:5   | Reached XP level 14. HP: 21/88 MP: 21/21
 12191 | Lair:5   | HP: 19/88 [blink frog (10)]
 12192 | Lair:5   | 12192 ||| READING 3 scrolls of teleportation.
 12196 | Lair:5   | 12196 ||| FLEEEEING.
 12197 | Lair:5   | 12197 ||| FLEEEEING.
 12200 | Lair:5   | 12200 ||| Stepping ~*~*~tactically~*~*~ (stealth).
 12201 | Lair:5   | 12201 ||| READING 2 scrolls of teleportation.
 12205 | Lair:5   | Reached skill level 14 in Axes
 12205 | Lair:5   | HP: 19/88 [vampire mosquito (5)]
 12212 | Lair:5   | 12212 ||| Stepping ~*~*~tactically~*~*~ (stealth).
 12213 | Lair:5   | 12213 ||| Stepping ~*~*~tactically~*~*~ (stealth).
 12217 | Lair:5   | 12217 ||| Stepping ~*~*~tactically~*~*~ (stealth).
 12221 | Lair:5   | 12221 ||| Stepping ~*~*~tactically~*~*~ (stealth).
 12232 | Lair:5   | 12232 ||| FLEEEEING.
 12233 | Lair:5   | 12233 ||| FLEEEEING.
 12234 | Lair:5   | 12234 ||| FLEEEEING.
 12237 | Lair:5   | 12237 ||| INVOKING Heroism.
 12285 | Lair:5   | 12285 ||| SWAPPING to +1 hand axe of flaming.
 12293 | Lair:5   | HP: 22/88 [five-headed hydra (4)]
 12294 | Lair:5   | 12294 ||| READING scroll of teleportation.
 12297 | Lair:5   | 12297 ||| INVOKING Heroism.
 12300 | Lair:5   | 12300 ||| SWAPPING to +0 broad axe.
 12309 | Lair:5   | HP: 19/88 [blink frog (9)]
 12314 | Lair:5   | HP: 13/90 [death yak (5)]
 12317 | Lair:5   | HP: 4/90 [death yak (4)]
 12317 | Lair:5   | Slain by a skyshark

Levels and vault maps discovered:
D:1:      minmay_arrival_cross, layout_loops_cross, serial_shops, shop, shop,
          shop, nicolae_shop_gaudy_bauble, nicolae_shop_tiny_statue_garden,
          minivault_4
D:2:      layout_loops_corners, uniq_sigmund, uniq_terence, uniq_natasha
D:3:      minmay_razor_zed, layout_loops_corners, ebering_dispersal_statue_hall
D:4:      layout_rooms, wad_woods_river_04, minmay_misc_feat_tiny,
          hangedman_minor_gate_pass
D:5:      layout_basic, lemuel_coloured_pillars_altar, guppyfry_early_orc_mine,
          uniq_pikel, uniq_grinder, uniq_crazy_yiuf_cottage
D:6:      layout_basic, nicolae_sif_muna_little_library
D:7:      layout_basic, nicolae_ru_great_annihilating_truth, led_xom_imps,
          minmay_temple_entry_statues_fountains, kennysheep_generic_room_10
D:8:      layout_basic, grunt_lair_entry_orc_guard_hut, uniq_grum, uniq_joseph
Temple:   nicolae_temple_figure_eight
Lair:1:   layout_long_grid, grunt_megastairs_3
Lair:2:   nzn_winding_woodlands_huge [nzn_winding_woodlands_5x15_concentric,
          nzn_winding_woodlands_5x15_river_crossing,
          nzn_winding_woodlands_5x15_garden,
          nzn_winding_woodlands_5x15_split_checker,
          nzn_winding_woodlands_5x15_sidewinder,
          nzn_winding_woodlands_5x15_pool, nzn_winding_woodlands_5x15_zeroes,
          nzn_winding_woodlands_5x15_eye, nzn_winding_woodlands_5x15_sawtooth,
          nzn_winding_woodlands_5x15_jagged,
          nzn_winding_woodlands_center_garden,
          nzn_winding_woodlands_center_pierced_h,
          nzn_winding_woodlands_15x15_boxy_spiral], layout_loops_ring,
          elwin_shoals_entry_rocks, minmay_snake_entry_guardpost_small,
          uniq_maggie
Lair:3:   layout_long_grid, kennysheep_basilisk_garden
Lair:4:   layout_gridlike
Lair:5:   minmay_lair_end_frog_pond, layout_gridlike, dpeg_slime_entry_enclosed

Skill      XL: |  1  2  3  4  5  6  7  8  9 10 11 12 13 14 |
---------------+-------------------------------------------+-----
Axes           | 2 3 5 6 7 9 10 11 12 13 14 | 14.0
Fighting       | 4 6 7 9 10 11 | 11.0
Dodging        | 1 2 |  2.2
Shields        | 6 8 9 10 11 | 11.1
Armour         | 5 7 8 9 10 | 10.0
Throwing       | 1 2 3 |  3.7
Invocations    | 4 5 10 | 10.0

Action                     |  1- 3 |  4- 6 |  7- 9 | 10-12 | 13-15 || total
---------------------------+-------+-------+-------+-------+-------++-------
  Melee: War axe           |   129 |   103 |   377 |   176 |       ||   785
         Broad axe         |       |       |       |   445 |   441 ||   886
         Hand axe          |       |       |       |    45 |    26 ||    71
  Throw: Boomerang         |       |       |    28 |    78 |    25 ||   131
         Javelin           |       |       |       |     3 |    24 ||    27
 Invoke: Heroism           |       |       |       |    29 |    17 ||    46
    Use: Scroll            |     3 |     2 |    11 |     9 |    10 ||    35
         Potion            |       |       |     4 |     2 |     1 ||     7
   Stab: Paralysed         |       |       |     1 |       |       ||     1
 Armour: Scale mail        |    56 |    32 |    66 |       |       ||   154
         Plate armour      |       |       |    98 |   373 |   187 ||   658
  Dodge: Dodged            |    54 |    53 |   180 |   366 |   182 ||   835
  Block: Buckler           |    28 |    15 |       |       |       ||    43
         Kite shield       |       |       |   159 |   419 |   253 ||   831

Table legend:
 A = Non-vault XP
 B = Vault XP
 C = Vault XP percentage of total XP
 D = Non-vault monster count
 E = Vault monster count
 F = Vault count percentage of total count
                 A         B        C        D         E       F
            +---------+---------+-------+---------+---------+-------
      Total |   27496 |   32400 |  54.1 |     254 |     148 |  36.8
            +---------+---------+-------+---------+---------+-------
        D:1 |      58 |       0 |   0.0 |      34 |       0 |   0.0
        D:2 |     107 |     302 |  73.8 |      17 |       3 |  15.0
        D:3 |      94 |      57 |  37.7 |      14 |      12 |  46.2
        D:4 |     185 |      39 |  17.4 |      13 |       8 |  38.1
        D:5 |     450 |    1152 |  71.9 |      11 |       9 |  45.0
        D:6 |    1332 |       0 |   0.0 |      28 |       0 |   0.0
        D:7 |     965 |     318 |  24.8 |      22 |       9 |  29.0
        D:8 |    1695 |    1946 |  53.4 |      38 |      11 |  22.4
     Lair:1 |    2686 |    1737 |  39.3 |      16 |      10 |  38.5
     Lair:2 |    8717 |   20362 |  70.0 |      26 |      64 |  71.1
     Lair:3 |    1098 |     935 |  46.0 |       4 |       5 |  55.6
     Lair:4 |    5253 |       0 |   0.0 |      18 |       0 |   0.0
     Lair:5 |    4856 |    5552 |  53.3 |      13 |      17 |  56.7
            +---------+---------+-------+---------+---------+-------
